 Dungeon Crawl Stone Soup version 0.28-a0-556-gab23d0e057 (webtiles) character file.

Game seed: 16775475875413289747

168 meatgazer the Chopper (level 5, -1/48 HPs)
             Began as a Hill Orc Monk on Sept 28, 2021.
             Was an Elder of Zin.
             Slain by a scorpion zombie (2 damage)
             ... on level 5 of the Dungeon.
             The game lasted 00:04:54 (3285 turns).

meatgazer the Chopper (Hill Orc Monk)               Turns: 3285, Time: 00:04:55

Health: -1/48      AC:  3    Str: 15    XL:     5   Next: 48%
Magic:  6/6        EV: 12    Int: 10    God:    Zin [****..]
Gold:   136        SH:  0    Dex: 13    Spells: 4/4 levels left

rFire   . . .      SeeInvis .   a - +0 hand axe
rCold   . . .      Faith    +   (no shield)
rNeg    . . .      Spirit   .   b - +0 robe
rPois   +          Reflect  .   (no helmet)
rElec   .          Harm     .   g - +0 cloak
rCorr   .          Rampage  .   (no gloves)
Will    .....                   (no boots)
Stlth   ++........              f - amulet of faith
HPRegen 0.16/turn               c - ring of poison resistance
MPRegen 0.10/turn               (no ring)

@: no status effects
A: no striking features
a: Renounce Religion, Recite, Vitalisation, Imprison, Donate Gold


You were on level 5 of the Dungeon.
You worshipped Zin.
Zin was greatly pleased with you.
You visited 1 branch of the dungeon, and saw 5 of its levels.

You collected 188 gold pieces.
You donated 52 gold pieces to Zin.

Inventory:

Hand Weapons
 a - a +0 hand axe (weapon)
Armour
 b - a +0 robe (worn)
 g - a +0 cloak (worn)
Jewellery
 c - a ring of poison resistance (left hand)
 f - an amulet of faith (around neck)
Scrolls
 d - a scroll of identify
 e - 2 scrolls of fog
 i - a scroll of fear {unknown}
 k - a scroll of amnesia {unknown}
 m - a scroll of immolation {unknown}
Potions
 h - a potion of might
 l - a potion of curing


   Skills:
 + Level 5.5 Fighting
 + Level 6.1 Axes
 - Level 2.4 Dodging
 - Level 1.5 Stealth
 + Level 1.7 Invocations


You had 4 spell levels left.
You didn't know any spells.
Your spell library contained the following spells:

 Spells                   Type           Power      Damage    Failure   Level
 Animate Dead             Necr           0%         N/A       98%         4
 Borgnjor's Vile Clutch   Necr/Erth      0%         N/A       100%        5
 Death Channel            Necr           0%         N/A       100%        6


Dungeon Overview and Level Annotations

Branches:
Dungeon (5/15)
 Temple: D:4-7

Altars:
Fedhas
Ru
Xom
Zin


Message History

You hit the scorpion zombie.
The scorpion zombie is severely damaged.
You hit the centaur zombie. The scorpion zombie barely misses you.
The centaur zombie hits you.
The centaur zombie kicks you but does no damage.
You hit the scorpion zombie but do no damage.
The scorpion zombie is severely damaged.
You hit the centaur zombie. The centaur zombie hits you.
The centaur zombie kicks you. The scorpion zombie barely misses you.
You hit the scorpion zombie.
The scorpion zombie is severely damaged.
You hit the centaur zombie. The centaur zombie hits you.
* * * LOW HITPOINT WARNING * * *
The centaur zombie kicks you but does no damage.
The scorpion zombie closely misses you. The centaur zombie hits you.
* * * LOW HITPOINT WARNING * * *
The centaur zombie closely misses you.
You hit the scorpion zombie but do no damage.
The scorpion zombie is severely damaged.
You hit the centaur zombie but do no damage.
The scorpion zombie hits you but does no damage.
The centaur zombie hits you.
* * * LOW HITPOINT WARNING * * *
The centaur zombie kicks you but does no damage.
You barely miss the scorpion zombie.
The scorpion zombie is severely damaged.
You hit the centaur zombie but do no damage.
The scorpion zombie hits you.
* * * LOW HITPOINT WARNING * * *
The centaur zombie hits you but does no damage.
The centaur zombie kicks you.
* * * LOW HITPOINT WARNING * * *
You barely miss the scorpion zombie.
The scorpion zombie is severely damaged.
You hit the centaur zombie but do no damage.
The centaur zombie hits you.
* * * LOW HITPOINT WARNING * * *
The centaur zombie kicks you but does no damage.
The scorpion zombie hits you.
You die...

#.##......#
#######.##......#
.........#......#
................+
.####.#.##.#....#
#.#.##.#.../#
....##.#....###
...###.........#
.... #.8...@.8.#
#... .......ZZ..#
... ##..........#
##.........#
#....>......
#............
...8.....8.....
...............


You could see a scorpion zombie and a centaur zombie.

Vanquished Creatures
  A howler monkey (D:4)
  A hound skeleton (D:4)
  5 adders
  A worm (D:2)
  2 dart slugs
  An orc (D:3)
  9 ball pythons
  8 endoplasms
  3 giant cockroaches
  4 goblins
  7 hobgoblins
  4 quokkas
  4 bats
  2 frilled lizards (D:2)
  4 kobolds
  4 rats
60 creatures vanquished.

Notes
Turn   | Place    | Note
-------+----------+-------------------------------------------
     0 | D:1      | meatgazer the Hill Orc Monk began the quest for the Orb.
     0 | D:1      | Reached XP level 1. HP: 19/19 MP: 1/1
   162 | D:1      | Reached XP level 2. HP: 27/27 MP: 2/2
   873 | D:1      | Found a faded altar of an unknown god.
   909 | D:1      | Became a worshipper of Zin the Law-Giver
   909 | D:1      | Reached * piety under Zin
   909 | D:1      | Reached ** piety under Zin
   909 | D:1      | Reached *** piety under Zin
   927 | D:1      | Reached XP level 3. HP: 32/34 MP: 3/3
   927 | D:1      | Donated 34 gold pieces to Zin
  1261 | D:2      | Reached skill level 5 in Axes
  1571 | D:2      | Reached XP level 4. HP: 25/41 MP: 4/4
  1825 | D:2      | Found a blossoming altar of Fedhas.
  1835 | D:2      | Reached **** piety under Zin
  1915 | D:2      | Reached skill level 5 in Fighting
  2695 | D:3      | Found a shimmering altar of Xom.
  2961 | D:4      | Found a sacrificial altar of Ru.
  3013 | D:4      | Reached skill level 1 in Invocations
  3013 | D:4      | Reached XP level 5. HP: 39/48 MP: 5/5
  3058 | D:4      | Reached skill level 6 in Axes
  3085 | D:5      | Entered Level 5 of the Dungeon
  3266 | D:5      | Noticed a phantom
  3285 | D:5      | HP: 1/48 [centaur zombie (4)]
  3285 | D:5      | Slain by a scorpion zombie

Illustrated notes

Levels and vault maps discovered:
D:1:      scummos_arrival_forest, layout_basic,
          hellmonk_ecumenical_altar_crossroads
D:2:      layout_loops_ring, basic_altar
D:3:      layout_basic, old_standard_altar, grunt_ministairs_6,
          saegor_snake_ambush
D:4:      layout_rooms, mainiacjoe_overflow_catwalk, fiery_altar_vehumet
D:5:      layout_basic, grunt_ministairs_4, st_stairs_1

Skill      XL: |  1  2  3  4  5 |
---------------+----------------+-----
Fighting       | 4 5 |  5.5
Axes           | 5 6 |  6.1
Invocations    | 1 |  1.7
Dodging        | |  2.4
Stealth        | |  1.5

Action                   |  1- 3 |  4- 6 || total
-------------------------+-------+-------++-------
Melee: Hand axe          |    96 |   140 ||   236
Invok: Donate Gold       |     1 |       ||     1
  Use: Scroll            |     1 |     2 ||     3
       Potion            |       |     3 ||     3
 Stab: Sleeping          |     6 |     2 ||     8
Armor: Robe              |    20 |    31 ||    51
Dodge: Dodged            |    46 |    88 ||   134

Table legend: (Time is in decaauts)
 A = Elapsed time spent in this place.
 B = Non-inter-level travel time spent in this place.
 C = Inter-level travel time spent in this place.
 D = Time resting spent in this place.
 E = Time spent auto-exploring this place.
 F = Levels seen in this place.
 G = Mean time per level.
                   A        B        C        D        E       F      G
               +--------+--------+--------+--------+--------+-----+--------+
         Total |   3304 |   3182 |    122 |      0 |   2682 |   5 |  660.8 |
       Dungeon |   3304 |   3182 |    122 |      0 |   2682 |   5 |  660.8 |
               +--------+--------+--------+--------+--------+-----+--------+

Top non-repeatable levels by time:
     D:2: 1256 daAuts
     D:1: 1110 daAuts
     D:3: 613 daAuts
     D:5: 199 daAuts
     D:4: 124 daAuts
